[Event "RUS-ch Rapid 2021"]
[Site "Sochi"]
[Date "2021.10.13"]
[Round "9.22"]
[White "Savchenko, Boris"]
[Black "Shcherbin, Matvei"]
[Result "1/2-1/2"]
[ECO "C00"]
[WhiteElo "2535"]
[BlackElo "2366"]
[Annotator "ChessBase"]
[PlyCount "112"]
[EventDate "2021.10.12"]
[EventType "swiss"]
[EventCountry "RUS"]
[SourceTitle "playchess.com"]
[Source "ChessBase"]
[SourceQuality "1"]
[TimeControl "900+10"]

1. e4 c5 2. Nf3 e6 3. d3 Nc6 4. g3 g6 5. Bg2 Bg7 6. O-O Nge7 7. Qe2 O-O 8.
h4 d5 9. e5 f6 10. exf6 Bxf6 11. c4 Nf5 12. Nc3 Ncd4 13. Qd1 Nxf3+ 14. Bxf3 Bxc3 15. bxc3 dxc4 16. dxc4 Qxd1 17. Rxd1 Nxg3 18.
fxg3 Rxf3 19. Bh6 Rxg3+ 20. Kh2 Rg4 21. Kh3 e5 22. Rd8+ Kf7 23.
Rf8+ Ke7 24. Rxc8 Rxh4+ 25. Kxh4 Rxc8 26. Bg7 Rd8 27. Bxe5 Rd2 28. Kg4 Re2 29. Kf4 Ke6 30. Bb8 Rc2 31. Re1+ Kd7 32. Rd1+ Kc8 33. Bxa7 Rxc3 34. Bxc5 Rxc4+ 35. Bd4 Kd7 36. Ke5 Ra4 37. Rd2 Ra6 38. Kd5 Rd6+ 39. Kc4 h5 40. Rg2 Ra6 41. Bc5 Re6 42. Kb5 Rf6 43. a4 Re6 44. a5 Rf6 45. Rd2+ Ke8 46. Rd6 Rxd6 47. Bxd6 Kd7 48. Bf4 Kc8 49. Kb6 g5 50. Be5 h4 51. Ka7 g4 52. Bb8 g3 53. Bf4 g2 54. Bh2 h3 55. Ka8 g1=Q 56. Bxg1 Kc7 1/2-1/2

[Event "RUS-ch Rapid 2021"]
[Site "Sochi"]
[Date "2021.10.13"]
[Round "9.23"]
[White "Nazaretyan, Tigran"]
[Black "Potapov, Pavel"]
[Result "1/2-1/2"]
[ECO "A81"]
[WhiteElo "2316"]
[BlackElo "2481"]
[Annotator "ChessBase"]
[PlyCount "104"]
[EventDate "2021.10.12"]
[EventType "swiss"]
[EventCountry "RUS"]
[SourceTitle "playchess.com"]
[Source "ChessBase"]
[SourceQuality "1"]
[TimeControl "900+10"]

1. d4 f5 2. Nf3 Nf6 3. g3 g6 4. Bg2 Bg7 5. O-O O-O 6. c3 e6 7. a4 Nc6 8. Nbd2 d6 9. b4 a6 10. Ba3 Qe7 11. Qc2 Bd7 12. b5 Nd8 13.
c4 Nf7 14. e4 fxe4 15. Nxe4 Nxe4 16. Qxe4 Rab8 17. Rfe1 Ng5 18.
Nxg5 Qxg5 19. Rad1 axb5 20. axb5 b6 21. f4 Qf6 22. Bb2 Qf5 23.
Qxf5 gxf5 24. Ra1 Kf7 25. Ra7 Rfc8 26. Kf2 Bf6 27. Bf3 Kg6 28. Ke3 d5 29. Kd3 Ra8 30. Rea1 Rxa7 31. Rxa7 Be7 32. Kc3 Bd6 33. Bc1 h5 34. Be3 dxc4 35. Kxc4 Rh8 36. Bd2 h4 37. Bb4 hxg3 38. hxg3 Be8 39. Ra8 Kg7 40. Bc3 Kf7 41. d5 Rh3 42. dxe6+ Ke7 43. Be1 Rh2 44. Bd5 Rc2+ 45. Bc3 Bxb5+ 46. Kb3 Re2 47. Rg8 c6 48. Rg7+ Ke8 49. Rg8+ Ke7 50. Rg7+ Ke8 51. Rg8+ Ke7 52. Rg7+ Kf8 1/2-1/2

[Event "RUS-ch Rapid 2021"]
[Site "Sochi"]
[Date "2021.10.13"]
[Round "9.24"]
[White "Nesterov, Arseniy"]
[Black "Grebnev, Aleksey"]
[Result "1/2-1/2"]
[ECO "E73"]
[WhiteElo "2514"]
[BlackElo "2469"]
[Annotator "ChessBase"]
[PlyCount "115"]
[EventDate "2021.10.12"]
[EventType "swiss"]
[EventCountry "RUS"]
[SourceTitle "playchess.com"]
[Source "ChessBase"]
[SourceQuality "1"]
[TimeControl "900+10"]

1. d4 Nf6 2. c4 g6 3. Nc3 Bg7 4. e4 d6 5. Be2 O-O 6. Be3 Na6 7. h4 h5 8. f3 e5 9. d5 c6 10. Qd2 Bd7 11. Nh3 cxd5 12. cxd5 Ne8 13. Nf2 f5 14. exf5 gxf5 15. f4 Nf6 16. O-O Ng4 17. Nxg4 hxg4 18. g3 e4 19. Bxa6 bxa6 20. Rfc1 Qb8 21. Rc2 Rc8 22. Rac1 Qb4 23. Nd1 Qb7 24. Rxc8+ Rxc8 25. Rxc8+ Bxc8 26. Nc3 Qb4 27. Bxa7 Bb7 28. a3 Qc4 29. Kf2 a5 30. Be3 Kf7 31. Qe2 Bxd5 32. Qxc4 Bxc4 33. Bb6 d5 34. Ke3 Bxc3 35. bxc3 a4 36. Kd4 Ke6 37. Bc5 Bb3 38. h5 Kf6 39. h6 e3 40.
Kxe3 Bc2 41. Kd4 Be4 42. Bf8 Kg6 43. Ke5 Kh7 44. Kf6 Bd3 45.
Bg7 Be4 46. Ke6 Kg8 47. Bf6 Kh7 48. Bg5 Kg8 49. Ke5 Kh7 50.
Kf6 Bd3 51. Ke7 Be4 52. Kd6 Kg8 53. Kc5 Kh7 54. Kb5 Bc2 55.
Kb4 Kg8 56. Bf6 Kh7 57. Bg7 Kg8 58. Kc5 1/2-1/2

[Event "RUS-ch Rapid 2021"]
[Site "Sochi"]
[Date "2021.10.13"]
[Round "10.1"]
[White "Tsydypov, Zhamsaran"]
[Black "Moiseenko, Vadim"]
[Result "1-0"]
[ECO "A53"]
[WhiteElo "2526"]
[BlackElo "2542"]
[Annotator "ChessBase"]
[PlyCount "93"]
[EventDate "2021.10.12"]
[EventType "swiss"]
[EventCountry "RUS"]
[SourceTitle "playchess.com"]
[Source "ChessBase"]
[SourceQuality "1"]
[TimeControl "900+10"]

1. d4 Nf6 2. c4 d6 3. Nc3 Bf5 4. g3 c6 5. Bg2 Nbd7 6. e4 Bg6 7. Nge2 e5 8.
O-O Be7 9. h3 O-O 10. Be3 Re8 11. f4 h6 12. g4 Bf8 13. Ng3 exf4 14. Bxf4 b5 15. cxb5 cxb5 16. a3 Qb6 17. h4 Rac8 18. g5 hxg5 19. hxg5 Rxc3 20. bxc3 Nxe4 21. Nxe4 Bxe4 22. Bxe4 Rxe4 23.
g6 Nf6 24. gxf7+ Kxf7 25. Bg5 Re5 26. Qh5+ Ke6 27. Qg6 Be7 28. Qxg7 Nd5 29. Bxe7 Nxe7 30. Rae1 Kd7 31. Rxe5 dxe5 32. Rf6 Qc7 33. Qg4+ Ke8 34. Qh5+ Kd7 35. Qxe5 Qxc3 36. Qxb5+ Kc7 37. Qe5+ Kd7 38. Rd6+ Kc8 39. Qxe7 Qg3+ 40. Kf1 Qf3+ 41. Ke1 Qg3+ 42. Kd2 Qf2+ 43. Kc3 Qf3+ 44. Kc4 Qf1+ 45. Kd5 Qb5+ 46. Ke6 Qe2+ 47. Kf6 1-0

[Event "RUS-ch Rapid 2021"]
[Site "Sochi"]
[Date "2021.10.13"]
[Round "10.4"]
[White "Lysyj, Igor"]
[Black "Bocharov, Dmitry"]
[Result "0-1"]
[ECO "E19"]
[WhiteElo "2603"]
[BlackElo "2517"]
[Annotator "RC"]
[PlyCount "74"]
[EventDate "2021.10.12"]
[EventType "swiss"]
[EventCountry "RUS"]
[SourceTitle "playchess.com"]
[Source "ChessBase"]
[SourceQuality "1"]
[TimeControl "900+10"]

1. d4 Nf6 2. c4 e6 3. Nf3 b6 4. g3 Bb7 5. Bg2 Be7 6. O-O O-O 7. Nc3 Ne4 8.
Qc2 Nxc3 9. Qxc3 Bf6 10. Qd3 d5 11. cxd5 exd5 12. Be3 a5 13.
Rac1 Na6 14. a3 Re8 15. Qb5 c6 16. Qb3 h6 17. Rc2 Ra7 18.
Rfc1 c5 19. dxc5 Nxc5 20. Bxc5 bxc5 21. Rxc5 Rxe2 22. R5c2 Rxc2 23. Qxc2 Ra8 24. Qd2 a4 25. h4 Qb6 26. Ne1 Re8 27. Nd3 Ba6 28. Rd1 Bc4 29. Nb4 Re2 30. Qf4 Be5 31. Qf3 Bd4 32. Nxd5 Qxb2 33. Qg4 Bxf2+ 34. Kh1 Bxd5 35. Qc8+ Kh7 36. Bxd5 Qe5 37. Qg4 f5 0-1

[Event "RUS-ch Rapid 2021"]
[Site "Sochi"]
[Date "2021.10.13"]
[Round "10.5"]
[White "Sarana, Alexey"]
[Black "Timofeev, Artyom"]
[Result "1-0"]
[ECO "D27"]
[WhiteElo "2649"]
[BlackElo "2586"]
[Annotator "RC"]
[PlyCount "94"]
[EventDate "2021.10.12"]
[EventType "swiss"]
[EventCountry "RUS"]
[SourceTitle "playchess.com"]
[Source "ChessBase"]
[SourceQuality "1"]
[TimeControl "900+10"]

1. d4 d5 2. Nf3 Nf6 3. c4 dxc4 4. e3 e6 5. Bxc4 c5 6. O-O a6 7. dxc5 Bxc5 8. Qxd8+ Kxd8 9. Nfd2 Ke7 10. Be2 Bd7 11. Nb3 Bd6 12. f3 Nd5 13. Rd1 Bc7 14. Nc3 Bc6 15. Nd4 Nxc3 16. bxc3 Rc8 17. Ba3+ Ke8 18. Rab1 Ba4 19. Rdc1 b6 20. Bd3 Nd7 21. Be4 Rab8 22. Rb4 b5 23. Rbb1 Bb6 24. Bd6 Bc7 25. Ba3 Bb6 26. Bd6 Bc7 27. Bb4 Bb6 28. Kf2 Bc5 29. Ke2 Rc7 30. Bc6 Bxd4 31. cxd4 Rbc8 32. Bxd7+ Kxd7 33. Bc5 a5 34. a3 e5 35. Kd3 exd4 36. exd4 Re8 37. Re1 Rcc8 38. Re4 f5 39. Rxe8 Rxe8 40. Rb2 Kc6 41. Re2 Rxe2 42. Kxe2 Kd5 43. Kd3 Bb3 44. Kc3 Bc4 45. Bb6 a4 46. g3 Be2 47. f4 g6 1-0

[Event "RUS-ch Rapid 2021"]
[Site "Sochi"]
[Date "2021.10.13"]
[Round "10.6"]
[White "Riazantsev, Alexander"]
[Black "Belozerov, Andrei"]
[Result "1/2-1/2"]
[ECO "D27"]
[WhiteElo "2634"]
[BlackElo "2476"]
[Annotator "RC"]
[PlyCount "120"]
[EventDate "2021.10.12"]
[EventType "swiss"]
[EventCountry "RUS"]
[SourceTitle "playchess.com"]
[Source "ChessBase"]
[SourceQuality "1"]
[TimeControl "900+10"]

1. d4 d5 2. c4 c6 3. Nc3 Nf6 4. e3 e6 5. Bd3 dxc4 6. Bxc4 c5 7. Nf3 a6 8. O-O b5 9. Be2 Bb7 10. dxc5 Bxc5 11. Qxd8+ Kxd8 12. Nd2 Ke7 13. Nb3 Bb4 14. a4 bxa4 15. Nxa4 Nbd7 16. f3 Rhc8 17. e4 a5 18. Be3 Ba6 19. Bxa6 Rxa6 20. Nd4 Ne5 21. Rfc1 Raa8 22. Nb6 Rxc1+ 23. Rxc1 Ra6 24. Rc7+ Kd8 25. Rc8+ Ke7 26. Nc6+ Nxc6 27. Rxc6 Ke8 28. Rc8+ Ke7 29. Rc7+ Ke8 30. Rb7 Bd6 31. Nc4 Nd7 32. Bd4 f6 33. Nxd6+ Rxd6 34. Bc3 Ra6 35. Kf2 a4 36. Bb4 Rc6 37. Ba3 Rc2+ 38. Kg3 g5 39. Ra7 h5 40. h4 gxh4+ 41. Kh3 Rc4 42. Kxh4 Rc2 43. Kg3 Rc4 44. Kh3 Rd4 45. Kh4 Rd2 46. Kg3 Rd4 47. Kf4 Rd2 48. Kg3 Rd4 49. Kh4 Rd2 50. Rxa4 Rxg2 51. Kxh5 Ne5 52. Ra8+ Kf7 53. Ra7+ Kg8 54. Ra8+ Kg7 55. Ra7+ Kg8 56. Ra8+ Kg7 57. Ra7+ Kg8 58. Ra8+ Kg7 59. Ra7+ Kg8 60. Ra8+ Kg7 1/2-1/2

[Event "RUS-ch Rapid 2021"]
[Site "Sochi"]
[Date "2021.10.13"]
[Round "10.7"]
[White "Dreev, Aleksey"]
[Black "Popov, Valerij"]
[Result "1/2-1/2"]
[ECO "E04"]
[WhiteElo "2635"]
[BlackElo "2537"]
[Annotator "RC"]
[PlyCount "117"]
[EventDate "2021.10.12"]
[EventType "swiss"]
[EventCountry "RUS"]
[SourceTitle "playchess.com"]
[Source "ChessBase"]
[SourceQuality "1"]
[TimeControl "900+10"]

1. d4 d5 2. Nf3 Nf6 3. c4 e6 4. Nc3 c6 5. g3 dxc4 6. Bg2 b5 7. Ne5 Nd5 8. a4 f6 9. Nf3 Bb7 10. O-O Nd7 11. Bh3 Kf7 12. Ne4 Be7 13.
Bd2 a5 14. b3 cxb3 15. Qxb3 b4 16. Rac1 Qb6 17. Neg5+ fxg5 18. e4 Nc7 19. Bxg5 Rhe8 20. Be3 Rad8 21. Rfd1 c5 22. Bf4 Bf6 23. Nd2 Qc6 24. Nc4 Nb6 25. Nxa5 Qxe4 26. Nxb7 Qxb7 27. dxc5 Nbd5 28. Bd6 Qc6 29. Bg2 Bc3 30. Rd3 Kg8 31. Rcd1 Kh8 32. f4 g6 33. h4 Ra8 34. h5 Qxa4 35. Qc4 Qa2 36. Qe4 Nf6 37. Be5 Ncd5 38. h6 Qa7 39. Qc4 Rac8 40. Rxc3 bxc3 41. Bxd5 exd5 42. Bxf6+ Kg8 43. Qxd5+ Qf7 44. Bxc3 Qxd5 45. Rxd5 Re3 46. Bd4 Rxg3+ 47. Kh2 Rd3 48. Kg2 Ra8 49. Kf2 Ra2+ 50. Ke1 Rad2 51. c6 Rxd4 52. c7 Rxd5 53. c8=Q+ Kf7 54. Qh8 Rd1+ 55. Ke2 R5d2+ 56. Ke3 Rd3+ 57. Ke4 Rd4+ 58. Ke3 R1d3+ 59. Ke2 1/2-1/2

[Event "RUS-ch Rapid 2021"]
[Site "Sochi"]
[Date "2021.10.13"]
[Round "10.8"]
[White "Petrov, Nikita"]
[Black "Kokarev, Dmitry"]
[Result "1-0"]
[ECO "E94"]
[WhiteElo "2539"]
[BlackElo "2579"]
[Annotator "ChessBase"]
[PlyCount "69"]
[EventDate "2021.10.12"]
[EventType "swiss"]
[EventCountry "RUS"]
[SourceTitle "playchess.com"]
[Source "ChessBase"]
[SourceQuality "1"]
[TimeControl "900+10"]

1. d4 Nf6 2. c4 g6 3. Nc3 Bg7 4. e4 d6 5. Nf3 O-O 6. Be2 e5 7. O-O c6 8. Re1 exd4 9. Nxd4 Re8 10. f3 d5 11. cxd5 cxd5 12. Bg5 Qb6 13. Kh1 dxe4 14. Ndb5 Rd8 15. Qc1 a6 16. Be3 Qc6 17. Na7 Qe6 18. Nxe4 Nxe4 19. fxe4 Bd7 20. Bc4 Qe8 21. Bb6 Rxa7 22. Bxa7 Nc6 23. Bb6 Rc8 24. Qd2 Ne5 25. Bd5 Bb5 26. Rac1 h5 27. Rxc8 Qxc8 28. Rc1 Qg4 29. h3 Qh4 30. Qf2 Qg5 31. Rc7 Kh7 32. Bd4 Be8 33. Bxf7 Qd8 34. Bxe5 Bxe5 35. Bxg6+ 1-0

[Event "RUS-ch Rapid 2021"]
[Site "Sochi"]
[Date "2021.10.13"]
[Round "10.9"]
[White "Iljiushenok, Ilia"]
[Black "Murzin, Volodar"]
[Result "0-1"]
[ECO "B12"]
[WhiteElo "2554"]
[BlackElo "2513"]
[Annotator "ChessBase"]
[PlyCount "70"]
[EventDate "2021.10.12"]
[EventType "swiss"]
[EventCountry "RUS"]
[SourceTitle "playchess.com"]
[Source "ChessBase"]
[SourceQuality "1"]
[TimeControl "900+10"]

1. e4 c6 2. d4 d5 3. e5 Bf5 4. c4 e6 5. Nc3 Ne7 6. a3 Nd7 7. cxd5 cxd5 8. h4 h6 9. g4 Bh7 10. h5 Nc6 11. Bd3 Bxd3 12. Qxd3 Qb6 13. Nge2 Be7 14. f4 O-O-O 15. b4 Kb8 16. Be3 Rc8 17. f5 Qd8 18. O-O Bg5 19. Nb5 a6 20.
Nbc3 Ndxe5 21. Bxg5 Nxd3 22. Bxd8 Rhxd8 23. fxe6 fxe6 24. Rf7 e5 25. Rd1 exd4 26. Nxd4 Nce5 27. Rxd3 Nxf7 28. Nce2 Ne5 29. Rg3 Nc6 30. Ne6 Rd7 31. N2f4 d4 32. Nd3 Re8 33. Nec5 Rf7 34. g5 Rf5 35. g6 Re7 0-1

[Event "RUS-ch Rapid 2021"]
[Site "Sochi"]
[Date "2021.10.13"]
[Round "10.10"]
[White "Faizrakhmanov, Ramil"]
[Black "Demidov, Mikhail"]
[Result "0-1"]
[ECO "A40"]
[WhiteElo "2483"]
[BlackElo "2551"]
[Annotator "ChessBase"]
[PlyCount "72"]
[EventDate "2021.10.12"]
[EventType "swiss"]
[EventCountry "RUS"]
[SourceTitle "playchess.com"]
[Source "ChessBase"]
[SourceQuality "1"]
[TimeControl "900+10"]

1. d4 g6 2. c4 Bg7 3. e4 Nc6 4. Be3 e5 5. d5 Nd4 6. Ne2 c5 7. dxc6 dxc6 8.
Nbc3 Be6 9. Ng3 Qa5 10. Bd2 Qb6 11. Na4 Qc7 12. Nc5 O-O-O 13. Nxe6 Nxe6 14. Qa4 Rxd2 15. Kxd2 Qb6 16. Kc1 Qxf2 17. Qd1 Nf6 18. Kb1 Rd8 19. Qe2 Qb6 20. Qc2 Ng4 21. Be2 Ne3 22. Qb3 h5 23. Qxb6 axb6 24. a4 Nxg2 25. Rd1 Nd4 26. a5 bxa5 27. Rxa5 Kc7 28. Bf1 Ne3 29. Re1 Nec2 30. Rd1 h4 31. Ne2 Ne3 32. Nxd4 Nxd1 33. Nf3 Nf2 34. Be2 Nxe4 35. Nxe5 Re8 36. Nf3 Nd2+ 0-1

[Event "RUS-ch Rapid 2021"]
[Site "Sochi"]
[Date "2021.10.13"]
[Round "10.11"]
[White "Gochelashvili, David"]
[Black "Pridorozhni, Aleksei"]
[Result "1-0"]
[ECO "B22"]
[WhiteElo "2400"]
[BlackElo "2564"]
[Annotator "ChessBase"]
[PlyCount "105"]
[EventDate "2021.10.12"]
[EventType "swiss"]
[EventCountry "RUS"]
[SourceTitle "playchess.com"]
[Source "ChessBase"]
[SourceQuality "1"]
[TimeControl "900+10"]

1. e4 c5 2. c3 e6 3. d4 d5 4. exd5 exd5 5. Nf3 Nc6 6. Bb5 Bd6 7. O-O Nge7 8. dxc5 Bxc5 9. Re1 O-O 10. Be3 Bxe3 11. Rxe3 Qb6 12. Bxc6 Nxc6 13. Qb3 Qxb3 14. axb3 Bg4 15. Nd4 a5 16. f3 Bd7 17. Kf2 Rfc8 18. Nb5 Be6 19. N1a3 a4 20. b4 d4 21. Nxd4 Nxd4 22. cxd4 Ra6 23. Rd1 Bb3 24. Rc1 Rd8 25. Re7 Rb6 26. Rd7 Re8 27. Rcc7 Rbe6 28. d5 Re2+ 29. Kg3 Rxb2 30. Rxb7 Rf8 31. d6 Be6 32. Re7 Rd8 33.
Nb5 h5 34. d7 Kf8 35. Rxe6 fxe6 36. Nd4 Rd2 37. Nxe6+ Ke7 38. Nxd8 Kxd8 39. Ra7 Ra2 40. b5 Rb2 41. Rxa4 Rxb5 42. Ra8+ Kxd7 43. Ra7+ Ke6 44. Rxg7 Kf6 45. Rh7 Kg6 46. Rd7 Rb2 47. Rd6+ Kf5 48. Rd5+ Kg6 49. Rd6+ Kf5 50. h4 Rb8 51. Rh6 Rg8+ 52. Kh3 Kf4 53. Rxh5 1-0

[Event "RUS-ch Rapid 2021"]
[Site "Sochi"]
[Date "2021.10.13"]
[Round "10.12"]
[White "Zakaryan, David"]
[Black "Triapishko, Alexandr"]
[Result "0-1"]
[ECO "D38"]
[WhiteElo "2283"]
[BlackElo "2506"]
[Annotator "RC"]
[PlyCount "200"]
[EventDate "2021.10.12"]
[EventType "swiss"]
[EventCountry "RUS"]
[SourceTitle "playchess.com"]
[Source "ChessBase"]
[SourceQuality "1"]
[TimeControl "900+10"]

1. d4 Nf6 2. c4 e6 3. Nf3 d5 4. Bg5 Bb4+ 5. Nc3 h6 6. Bxf6 Qxf6 7. Qa4+ Nc6 8. e3 O-O 9. Rc1 Rd8 10. a3 Bf8 11. Be2 dxc4 12. Qxc4 Bd6 13. O-O Bd7 14. Ne4 Qe7 15. Rfd1 Rac8 16. Nc5 Bxc5 17. Qxc5 Qxc5 18. Rxc5 Ne7 19. Ne5 Be8 20. Rdc1 c6 21. Ra5 a6 22. Rac5 Nd5 23. R5c2 Kf8 24. h4 g5 25. hxg5 hxg5 26. Nd3 Ke7 27. Nc5 Rb8 28. g3 f6 29. Bd3 Bh5 30. Kg2 Rh8 31. Be4 Bg4 32. Rh1 Rxh1 33.
Kxh1 a5 34. Kg2 Bf5 35. Bxf5 exf5 36. Kf3 b6 37. Nd3 Kd6 38. g4 Ne7 39. gxf5 Nxf5 40. Kg4 Ne7 41. e4 Rh8 42. f4 Rh4+ 43. Kg3 f5 44. fxg5 Rxe4 45. Nf4 Rxd4 46. Kf3 Ke5 47. Re2+ Re4 48. Nd3+ Kd4 49. Nf4 Rxe2 50. Nxe2+ Ke5 51. Nf4 Nd5 52. Ng6+ Ke6 53. Nf4+ Kf7 54. Nd3 Kg6 55. Ne5+ Kxg5 56. Nxc6 Kf6 57. Ke2 Ke6 58. Kd3 Ne7 59. Nd4+ Kd5 60. b4 axb4 61. axb4 f4 62. Ne2 Ke5 63. Nd4 Nf5 64. Nf3+ Kd5 65. Nd2 Nd6 66. Nb1 Ne4 67. Ke2 Ng5 68. Kd3 Nf7 69. Nc3+ Ke5 70. Na4 b5 71. Nc5 Kd5 72. Nb3 Ne5+ 73. Kc3 Ke4 74. Nd2+ Ke3 75. Nf1+ Ke2 76. Nh2 f3 77. Kd4 Nc4 78. Kc5 Na3 79. Kd4 f2 80. Kc3 f1=Q 81. Nxf1 Kxf1 82. Kb3 Nc4 83. Kc3 Ke2 84. Kd4 Kd2 85. Kc5 Na3 86. Kd4 Kc2 87. Ke4 Kc3 88. Ke5 Kxb4 89. Ke4 Kc3 90. Ke5 b4 91. Ke4 b3 92. Ke5 b2 93. Ke4 b1=Q+ 94. Ke5 Nc4+ 95. Kd5 Qf5+ 96. Kc6 Kb4 97. Kc7 Kc5 98. Kd8 Kd6 99. Ke8 Nb6 100. Kd8 Qf8# 0-1

[Event "RUS-ch Rapid 2021"]
[Site "Sochi"]
[Date "2021.10.13"]
[Round "10.13"]
[White "Grachev, Boris"]
[Black "Obgolts, Erik"]
[Result "1-0"]
[ECO "E62"]
[WhiteElo "2615"]
[BlackElo "2430"]
[Annotator "RC"]
[PlyCount "161"]
[EventDate "2021.10.12"]
[EventType "swiss"]
[EventCountry "RUS"]
[SourceTitle "playchess.com"]
[Source "ChessBase"]
[SourceQuality "1"]
[TimeControl "900+10"]

1. Nf3 Nf6 2. c4 g6 3. Nc3 Bg7 4. g3 O-O 5. Bg2 d6 6. d4 c6 7. O-O Bf5 8. Ng5 e5 9. d5 h6 10. Nge4 Nxe4 11. dxc6 Nxf2 12. cxb7 Nxd1 13. bxa8=Q Qb6+ 14. Kh1 Nf2+ 15. Rxf2 Qxf2 16.
Qf3 Qd4 17. e4 Be6 18. b3 f5 19. Bb2 Qd2 20. Qe2 Qg5 21. exf5 gxf5 22. Rd1 e4 23. Rxd6 Bf7 24. Nd5 Bxd5 25. Rxd5 Bxb2 26. Qxb2 Qe3 27. Rd1 Nc6 28. b4 f4 29. gxf4 Qxf4 30. Rf1 Qe3 31. Rxf8+ Kxf8 32. Qf6+ Kg8 33. Qg6+ Kf8 34. Qf6+ Kg8 35. h3 Nxb4 36. Qg6+ Kh8 37. Qe8+ Kg7 38. Qe7+ Kg8 39. Qxb4 Qc1+ 40. Kh2 Qf4+ 41. Kg1 Qe3+ 42. Kf1 Qd3+ 43. Kf2 Qd4+ 44. Ke1 Qe3+ 45. Kf1 Qd3+ 46. Kf2 Qd4+ 47. Ke1 Qe3+ 48. Kd1 Qg1+ 49. Kc2 Qxg2+ 50. Qd2 Qf3 51. Qd5+ Kf8 52. Qa8+ Ke7 53. Qxa7+ Ke6 54. Qb6+ Ke5 55. Qc5+ Kf4 56. Qd6+ Kg5 57. c5 e3 58. Qe5+ Kh4 59. Kd3 Qd1+ 60. Kxe3 Qe1+ 61. Kd4 Qa1+ 62. Ke4 Qb1+ 63. Kd5 Qxa2+ 64. Kd6 Qd2+ 65. Qd5 Qf4+ 66. Kd7 Kxh3 67. c6 Qa4 68. Ke7 Qh4+ 69. Ke8 Qa4 70. Qd7+ Kg3 71. c7 Qe4+ 72. Kd8 Qh4+ 73. Kc8 Qe4 74. Qd6+ Kf3 75. Kd7 Qg4+ 76. Qe6 Qg7+ 77. Kc6 Qc3+ 78. Kd6 Qb4+ 79. Kd7 Qd4+ 80. Ke8 Qh8+ 81. Ke7 1-0

[Event "RUS-ch Rapid 2021"]
[Site "Sochi"]
[Date "2021.10.13"]
[Round "10.14"]
[White "Zubritskiy, Artyom"]
[Black "Antipov, Mikhail Al."]
[Result "0-1"]
[ECO "A37"]
[WhiteElo "2442"]
[BlackElo "2619"]
[Annotator "RC"]
[PlyCount "88"]
[EventDate "2021.10.12"]
[EventType "swiss"]
[EventCountry "RUS"]
[SourceTitle "playchess.com"]
[Source "ChessBase"]
[SourceQuality "1"]
[TimeControl "900+10"]

1. c4 g6 2. g3 c5 3. Bg2 Bg7 4. Nc3 d6 5. Nf3 Nc6 6. O-O Bf5 7. d3 Qd7 8. Nd5 Nf6 9. Ng5 h6 10. Nxf6+ Bxf6 11. Ne4 Bg7 12. Rb1 Bh3 13. Be3 b6 14. Bxh3 Qxh3 15. f3 Qe6 16. Qd2 Bd4 17. Bxd4 cxd4 18. b4 f5 19. Nf2 Kf7 20. b5 Ne5 21. Qb2 Qf6 22. Ne4 Qg7 23. Nd2 Nd7 24. f4 Rhe8 25. Nf3 e5 26. Rbd1 Nc5 27. Qd2 Rad8 28. Rfe1 Ne6 29. e3 dxe3 30. Rxe3 exf4 31. gxf4 g5 32. fxg5 Nxg5 33. Kh1 Nh3 34. Rf1 Qg4 35. Rxe8 Rxe8 36. Qxh6 Rg8 37. Qh7+ Rg7 38. Ng5+ Nxg5 39. Rxf5+ Ke6 40. Qxg7 Qxf5 41. Qg8+ Nf7 42. Qe8+ Kf6 43.
Qe2 Ne5 44. Kg2 Nxd3 0-1

[Event "RUS-ch Rapid 2021"]
[Site "Sochi"]
[Date "2021.10.13"]
[Round "10.15"]
[White "Bryakin, Mikhail"]
[Black "Sakaev, Konstantin"]
[Result "1-0"]
[ECO "A62"]
[WhiteElo "2498"]
[BlackElo "2603"]
[Annotator "RC"]
[PlyCount "65"]
[EventDate "2021.10.12"]
[EventType "swiss"]
[EventCountry "RUS"]
[SourceTitle "playchess.com"]
[Source "ChessBase"]
[SourceQuality "1"]
[TimeControl "900+10"]

1. d4 Nf6 2. c4 e6 3. g3 c5 4. d5 exd5 5. cxd5 d6 6. Nc3 g6 7. Bg2 Bg7 8. Nf3 O-O 9. O-O Nbd7 10. Bf4 Qe7 11. Re1 Ng4 12. Bg5 f6 13. Bf4 Nge5 14. Qc2 a6 15.
a4 g5 16. Bd2 h6 17. b3 f5 18. Nxe5 Nxe5 19. f4 gxf4 20. gxf4 Ng4 21. Qd3 Bd7 22. h3 Nf6 23. Qg3 Nh5 24. Qg6 Nf6 25. e4 fxe4 26. Nxe4 Be8 27. Qg3 Nxe4 28. Rxe4 Qf6 29. Rae1 Bf7 30. R1e3 Rae8 31. Bc3 Qg6 32. f5 Qg5 33. h4 1-0

[Event "RUS-ch Rapid 2021"]
[Site "Sochi"]
[Date "2021.10.13"]
[Round "10.16"]
[White "Ivanov, Alexander Al."]
[Black "Afanasiev, Nikita"]
[Result "0-1"]
[ECO "B50"]
[WhiteElo "2400"]
[BlackElo "2560"]
[Annotator "RC"]
[PlyCount "132"]
[EventDate "2021.10.12"]
[EventType "swiss"]
[EventCountry "RUS"]
[SourceTitle "playchess.com"]
[Source "ChessBase"]
[SourceQuality "1"]
[TimeControl "900+10"]

1. e4 g6 2. Nf3 Bg7 3. g3 c5 4. Bg2 Nc6 5. O-O e5 6. Nc3 Nge7 7. Nd5 d6 8. Nxe7 Qxe7 9. d3 O-O 10. h3 f5 11. c3 Kh8 12. Bg5 Qf7 13.
Bd2 h6 14. Qc1 Kh7 15. Qe1 Be6 16. b3 d5 17. Rc1 Rad8 18. Kh2 Qd7 19. Rd1 Qc8 20. Qe2 Rfe8 21. Bc1 a5 22. Ba3 b6 23. Rfe1 Qa6 24. exd5 Bxd5 25. c4 Bxf3 26. Qxf3 Nd4 27. Qb7 Qxb7 28. Bxb7 Nc2 29. Bc1 Nxe1 30. Rxe1 Rxd3 31. Bd5 Rd8 32. Kg2 e4 33. Bf4 Rd7 34. h4 h5 35. Re2 Bf6 36. Be6 Rd8 37. Bd5 Rd7 38. Be6 Re7 39. Bd5 Kg7 40.
Bd6 Rd7 41. Bf4 Rf3 42. Be6 Rd1 43. Bd5 Rc3 44. Bd2 Rf3 45.
Bf4 Bxh4 46. Bc7 Be7 47. Bxb6 Rc3 48. Bxa5 Rcc1 49. f3 Rg1+ 50. Kh2 Bd6 51. fxe4 Bxg3+ 52. Kh3 f4 53. e5 g5 54. Bf3 g4+ 55. Bxg4 hxg4+ 56. Kxg4 Be1+ 57. Kxf4 Bxa5 58. Kf5 Bd8 59. Ke6 Rg6+ 60. Kf5 Be7 61. Rd2 Kf7 62. a4 Rg5+ 63. Ke4 Ke6 64. a5 Rxe5+ 65. Kd3 Bg5 66. Re2 Rxe2 0-1

[Event "RUS-ch Rapid 2021"]
[Site "Sochi"]
[Date "2021.10.13"]
[Round "10.17"]
[White "Nozdrachev, Vladislav"]
[Black "Smirnov, Timofey"]
[Result "0-1"]
[ECO "C54"]
[WhiteElo "2495"]
[BlackElo "2409"]
[Annotator "ChessBase"]
[PlyCount "42"]
[EventDate "2021.10.12"]
[EventType "swiss"]
[EventCountry "RUS"]
[SourceTitle "playchess.com"]
[Source "ChessBase"]
[SourceQuality "1"]
[TimeControl "900+10"]

1. e4 e5 2. Nf3 Nc6 3. Bc4 Bc5 4. d3 Nf6 5. O-O O-O 6. c3 Bb6 7. Nbd2 d6 8. Bb3 a6 9. Nc4 Ba7 10. Re1 h6 11. Bc2 Be6 12. Ne3 Ne7 13.
d4 Ng6 14. Nf5 Re8 15. h3 exd4 16. N3xd4 Bd7 17. Qf3 d5 18. e5 Nxe5 19. Nxh6+ Kf8 20. Qg3 Nh5 21. Qe3 Nc4 0-1

[Event "RUS-ch Rapid 2021"]
[Site "Sochi"]
[Date "2021.10.13"]
[Round "10.18"]
[White "Ivlev, Aleksey"]
[Black "Klukin, Kirill"]
[Result "1/2-1/2"]
[ECO "D37"]
[WhiteElo "2315"]
[BlackElo "2346"]
[Annotator "NA RC"]
[PlyCount "135"]
[EventDate "2021.10.12"]
[EventType "swiss"]
[EventCountry "RUS"]
[SourceTitle "playchess.com"]
[Source "ChessBase"]
[SourceQuality "1"]
[TimeControl "900+10"]

1. d4 d5 2. c4 e6 3. Nf3 a6 4. cxd5 exd5 5. Nc3 Nf6 6. Bg5 Be6 7. e3 Nbd7 8. Bd3 h6 9. Bf4 g5 10. Bg3 Nh5 11. Be5 Ng7 12. h3 Nxe5 13.
Nxe5 Bd6 14. O-O h5 15. f4 gxf4 16. exf4 Qh4 17. Qe1 Qxe1 18. Raxe1 Bxe5 19. Rxe5 f6 20. Re3 Kd7 21. Rfe1 Rae8 22. Bg6 Reg8 23. Bf7 Re8 24. Bxe8+ Rxe8 25. g4 hxg4 26. hxg4 Bxg4 27. Rxe8 Nxe8 28. Nxd5 Be6 29. Nc3 c6 30. Na4 Nc7 31. Nc5+ Kd6 32. Nxb7+ Kd5 33. Nc5 Bf5 34. Re7 Nb5 35. Nxa6 Nxd4 36. Kf2 Bb1 37. b3 c5 38. Rc7 Ne6 39. Rc8 f5 40. Nc7+ Nxc7 41. Rxc7 Bxa2 42. Rb7 Kd4 43. Rb5 Bb1 44. Rb8 Be4 45. Kg3 Kc3 46. Rb5 Kd4 47. Kh4 Bd3 48. Rb6 Be4 49. Kg5 Bc2 50. Rb8 Kc3 51. Rb5 Kd4 52. Rb6 Kc3 53. Rb5 Kd4 54. Kf6 Bd3 55. Rb6 Ke4 56. Rc6 Kd4 57. Rd6+ Ke4 58. Rxd3 Kxd3 59. Ke5 Kc3 60. Kd5 Kb4 61. Kd6 Kb5 62. Ke6 Kb4 63. Kd5 Kb5 64. Ke6 Kb4 65. Kd6 Kb5 66. Ke5 Kb4 67. Kd5 Kb5 68. Kd6 1/2-1/2